Map: Nightshade LE

Players

HeroMarine

  • Race: Terran Terran
  • Spawn Location: 5:00

Zoun - Winner!

  • Race: Protoss Protoss
  • Spawn Location: 11:00

Event: IEM Katowice 2020

VOD

Have the link to the VOD?

Description

Time

  • Played on: Feb. 24, 2020, 8:26 a.m.
  • Length: 9:38

All games in this series

Show
View Real Time Build Order
Export as new Build Order

HeroMarine Terran 

Build Orders: Reaper Expand 

Get SALT Encoding   

  12  0:00  SCV  
  13  0:12  SCV  
  14  0:17  Supply Depot  
  14  0:24  SCV  
  15  0:38  SCV, Barracks  
  16  0:43  Refinery  
  16  0:50  SCV  
  17  1:02  SCV  
  18  1:14  SCV  
  19  1:26  Reaper  
  19  1:27  Orbital Command  
  20  1:42  Command Center  
  20  1:51  Supply Depot  
  20  1:52  SCV  
  21  1:58  Marine  
  22  2:05  SCV  
  23  2:10  Factory  
  23  2:18  SCV  
  23  2:19  Bunker  
  23  2:21  Barracks Reactor  
  24  2:31  SCV  
  24  2:34  Refinery  
  25  2:43  SCV  
  25  2:53  Orbital Command  
  25  2:55  SCV  
  25  2:57  Widow Mine  
  25  2:58  Marine x2  
  28  3:03  Starport  
  30  3:07  SCV  
  31  3:16  Marine x2  
  31  3:19  SCV  
  35  3:20  SCV  
  35  3:22  Widow Mine  
  35  3:26  Supply Depot  
  37  3:31  SCV  
  37  3:32  SCV  
  37  3:34  Marine x2  
  41  3:41  Medivac  
  41  3:43  SCV, Widow Mine  
  41  3:48  SCV  
  47  3:51  Supply Depot  
  47  3:53  Marine, Barracks  
  47  3:54  Marine  
  49  3:56  SCV  
  49  4:00  SCV  
  51  4:08  SCV  
  52  4:10  Barracks  
  52  4:11  Marine  
  52  4:12  SCV  
  52  4:13  Marine  
  55  4:18  Engineering Bay  
  55  4:20  Starport Tech Lab, Factory Tech Lab  
  55  4:21  SCV, Refinery  
  56  4:24  SCV  
  56  4:28  Supply Depot  
  56  4:31  Marine x2  
  58  4:33  SCV  
  58  4:36  SCV  
  61  4:44  Terran Infantry Weapons Level 1  
  61  4:46  SCV, Stimpack  
  61  4:47  Starport Reactor, Factory Reactor  
  61  4:50  SCV, Marauder  
  65  4:56  Marine x2  
  65  4:58  SCV  
  66  5:02  SCV, Supply Depot  
  66  5:04  Refinery  
  66  5:06  Combat Shield  
  61  5:08  Marauder  
  61  5:11  Marauder  
  61  5:12  Supply Depot  
  61  5:13  Marine  
  61  5:14  Marine  
  66  5:21  SCV x2  
  69  5:22  Supply Depot  
  69  5:25  Medivac x2  
  73  5:31  Widow Mine x2  
  73  5:32  Marine  
  73  5:34  Marine  
  79  5:36  Marauder  
  79  5:37  Marauder  
  83  5:45  Supply Depot  
  79  5:50  Marine  
  79  5:51  Marine  
  79  5:54  Widow Mine  
  79  5:55  Widow Mine  
  84  5:58  Marauder  
  84  5:59  Marauder  
  84  6:03  Barracks  
  84  6:04  Medivac, Barracks  
  89  6:11  Marine x2  
  89  6:16  Supply Depot  
  91  6:20  Marauder x2  
  91  6:21  Medivac  
  97  6:26  SCV x2  
  99  6:33  Marine x2  
  99  6:37  Medivac  
  103  6:40  Terran Infantry Armor Level 1  
  103  6:41  Supply Depot, Marauder x2  
  103  6:45  Widow Mine  
  109  6:52  Barracks Reactor, Supply Depot  
  109  6:53  Supply Depot  
  109  6:57  Marine  
  110  7:02  Marine x3  
  110  7:03  Widow Mine, Liberator  
  118  7:13  Liberator  
  118  7:14  Widow Mine  
  123  7:18  Marauder  
  123  7:19  Marauder  
  123  7:21  Marine  
  119  7:24  Widow Mine  
  119  7:25  Marine  
  116  7:31  Marine  
  116  7:35  Marine  
  116  7:39  Marine  
  116  7:40  SCV  
  116  7:41  SCV  
  119  7:46  Liberator  
  122  7:52  Marine x3  
  122  7:53  Marine  
  122  7:56  Concussive Shells  
  122  7:57  Marine  
  121  7:58  SCV  
  121  7:59  Marine  
  121  8:03  Marine  
  110  8:09  SCV, Marine  
  110  8:10  SCV, Marine  
  94  8:13  Marine  
  84  8:21  Marine x2  
  84  8:24  Medivac  
  84  8:26  Marine, Siege Tank  
  89  8:27  Marine  
  89  8:32  Liberator  
  89  8:33  Marine x2  
  94  8:35  Marine  
  94  8:39  Marine x2  
  97  8:44  Marine  
  97  8:45  Marine  
  99  8:50  Marine  
  99  8:51  Marine  
  99  8:53  Marine  
  99  8:54  Medivac  
  104  8:57  Marine x2  
  104  9:01  Marine  
  103  9:08  Marine x2  
  102  9:15  Marine  
  102  9:16  Marine x2  
Show
View Real Time Build Order
Export as new Build Order

Zoun Protoss - Winner!

Build Orders: 1 Gate Expand, Blink Stalkers, Chargelot Immortal 

Get SALT Encoding   

  12  0:00  Probe  
  13  0:12  Probe  
  14  0:16  Pylon  
  14  0:24  Probe (Chrono Boost)  
  16  0:36  Probe (Chrono Boost)  
  16  0:38  Gateway  
  16  0:41  Probe (Chrono Boost)  
  16  0:45  Assimilator  
  17  0:52  Probe  
  18  1:04  Probe  
  19  1:16  Probe  
  20  1:24  Cybernetics Core  
  20  1:32  Nexus  
  20  1:34  Probe  
  21  1:41  Pylon  
  21  1:46  Probe  
  22  1:49  Assimilator  
  22  1:58  Probe, Adept (Chrono Boost)  
  25  2:01  Warp Gate  
  25  2:10  Probe  
  26  2:20  Adept  
  28  2:23  Probe  
  28  2:26  Twilight Council  
  29  2:35  Probe (Chrono Boost)  
  31  2:45  Probe (Chrono Boost)  
  31  2:46  Probe (Chrono Boost)  
  31  2:50  Stalker  
  34  2:53  Probe (Chrono Boost)  
  34  2:55  Probe (Chrono Boost)  
  34  2:58  Probe (Chrono Boost)  
  36  2:59  Pylon  
  36  3:01  Blink (Chrono Boost)  
  36  3:05  Probe (Chrono Boost)  
  38  3:10  Probe (Chrono Boost)  
  41  3:20  Probe (Chrono Boost)  
  41  3:22  Probe (Chrono Boost)  
  41  3:26  Probe (Chrono Boost)  
  41  3:29  Probe  
  41  3:30  Sentry, Gateway  
  45  3:34  Gateway  
  45  3:38  Probe  
  46  3:41  Probe  
  46  3:43  Robotics Facility  
  47  3:50  Probe  
  47  3:52  Pylon  
  47  3:53  Probe  
  49  4:03  Stalker  
  49  4:04  Probe  
  49  4:06  Probe  
  53  4:11  Nexus  
  53  4:15  Pylon  
  53  4:19  Probe, Assimilator  
  53  4:20  Probe  
  55  4:26  Stalker  
  55  4:28  Stalker  
  59  4:32  Observer  
  59  4:33  Stalker  
  59  4:35  Probe  
  59  4:36  Probe  
  64  4:50  Pylon  
  64  4:51  Adept  
  61  5:00  Probe x2  
  61  5:06  Observer  
  64  5:09  Stalker x2  
  64  5:11  Stalker  
  64  5:12  Probe  
  64  5:13  Probe  
  72  5:22  Charge (Chrono Boost)  
  72  5:23  Gateway x2  
  72  5:27  Probe x2 (Chrono Boost)  
  75  5:29  Probe (Chrono Boost)  
  75  5:34  Gateway  
  77  5:37  Probe x2 (Chrono Boost)  
  77  5:39  Probe (Chrono Boost)  
  77  5:41  Probe x2 (Chrono Boost)  
  80  5:52  Probe  
  80  5:53  Probe  
  82  5:58  Warp Prism (Chrono Boost)  
  82  5:59  Gateway  
  82  6:01  Gateway  
  84  6:06  Sentry x3  
  84  6:09  Probe x3  
  93  6:11  Pylon  
  92  6:19  Pylon  
  92  6:21  Pylon  
  92  6:23  Pylon  
  92  6:27  Pylon  
  92  6:29  Immortal (Chrono Boost)  
  96  6:34  Zealot x2  
  96  6:38  Zealot x4  
  108  6:42  Assimilator  
  108  6:44  Assimilator  
  104  6:55  Stalker  
  104  6:56  Stalker  
  104  6:58  Zealot  
  104  6:59  Zealot x3  
  116  7:02  Immortal  
  116  7:06  Probe x3  
  123  7:12  Zealot x2  
  127  7:21  Zealot  
  127  7:22  Zealot x5  
  127  7:33  Zealot x2  
  125  7:41  Immortal  
  125  7:43  Zealot x2  
  125  7:44  Robotics Bay  
  133  7:45  Robotics Facility  
  133  7:48  Pylon x2  
  133  7:53  Pylon  
  133  7:54  Pylon  
  129  7:59  Stalker x4  
  129  8:04  Zealot x2  
  105  8:18  Zealot x2  
  97  8:22  Immortal (Chrono Boost)  
  97  8:25  Forge  
  97  8:28  Forge  
  97  8:29  Zealot x4  
  97  8:30  Sentry  
  97  8:33  Sentry  
  109  8:38  Colossus (Chrono Boost)  
  115  8:50  Zealot  
  115  8:51  Zealot x3  
  115  8:52  Sentry  
  125  8:55  Disruptor (Chrono Boost)  
  124  9:07  Stalker x3  
  124  9:14  Zealot  
  120  9:22  Zealot x4  
  132  9:32  Zealot x3  

Tags
 
Add a new tag
Caveats
  • Supply blocks, unpowered buildings, or Contaminate may cause inaccurate times.
  • Supply counts are checked every 10 seconds.